 Dungeon Crawl Stone Soup version 0.19.4-12-gccf7e64 (webtiles) character file.

3472 Eremar the Blocker (level 10, -17/82 HPs)
             Began as a Human Fighter on Feb 26, 2017.
             Was an Elder of Okawaru.
             Killed from afar by Erica (23 damage)
             ... with an orb of energy
             ... on level 8 of the Dungeon.
             The game lasted 00:37:18 (9089 turns).

Eremar the Blocker (Human Fighter)                  Turns: 9089, Time: 00:37:18

Health: -17/82     AC: 14    Str: 30    XL:     10   Next: 27%
Magic:  1/1        EV:  7    Int: 12    God:    Okawaru [****..]
Gold:   433        SH: 21    Dex: 16    Spells: 0 memorised, 9 levels left

rFire  . . .     SeeInvis .     O - +0 scimitar (holy)
rCold  . . .     Gourm    .     K - +1 scale mail of Xias {Regen+ MP-9 Int+4 Dex+3}
rNeg   . . .     Faith    .     r - +2 large shield
rPois  .         Spirit   .     y - +0 helmet
rElec  .         Reflect  .     T - +0 cloak
rCorr  .         Harm     .     l - +1 pair of gloves
MR     .....                    (no boots)
Stlth  ..........               (no amulet)
                                M - +3 ring of strength
                                R - +2 ring of strength

@: mighty, lethally poisoned (-17 -> -17), about to teleport, very slightly
contaminated, slowed, very slow
A: no striking features
a: Heroism, Renounce Religion


You were on level 8 of the Dungeon.
You worshipped Okawaru.
Okawaru was greatly pleased with you.
You were not hungry.

You visited 2 branches of the dungeon, and saw 9 of its levels.
You also visited: Sewer.

You collected 433 gold pieces.

Inventory:

Hand Weapons
 O - a +0 scimitar of holy wrath (weapon)
Armour
 c - a +0 shield
 l - a +1 pair of gloves (worn)
 r - a +2 large shield (worn)
 y - a +0 helmet (worn)
 K - the +1 scale mail of Xias (worn) {Regen+ MP-9 Int+4 Dex+3}
   (You found it on level 7 of the Dungeon)

   It affects your intelligence (+4).
   It affects your dexterity (+3).
   It affects your magic capacity (-9).
   It increases your rate of regeneration.
 T - a +0 cloak (worn)
Jewellery
 j - an uncursed ring of protection from fire
 E - an uncursed ring of ice
 L - an uncursed ring of protection from fire
 M - a +3 ring of strength (right hand)
 R - a +2 ring of strength (left hand)
Wands
 b - a wand of paralysis (8/24)
 A - a wand of paralysis (10/24)
 B - a wand of lightning (6/15)
 Q - a wand of acid (7/15)
Scrolls
 e - a scroll of fog {unknown}
 g - 2 scrolls of remove curse
 i - a scroll of random uselessness {unknown}
 k - 2 scrolls of amnesia
 n - 2 scrolls of teleportation
 z - 4 scrolls of identify
 D - 2 scrolls of recharging {unknown}
 F - 2 scrolls of enchant weapon
 I - a scroll of magic mapping
 J - a scroll of enchant armour
 N - a scroll of fear {unknown}
Potions
 d - 2 potions of might
 h - a potion of invisibility
 m - a potion of cure mutation
 o - 8 potions of curing
 p - a potion of beneficial mutation
 q - 6 potions of flight
 s - 2 potions of resistance {unknown}
 u - 4 potions of brilliance {unknown}
 w - 5 potions of heal wounds {unknown}
 x - a potion of lignification {unknown}
 C - a potion of mutation {unknown}
Comestibles
 a - a beef jerky
 f - 5 bread rations
 v - 3 meat rations
 H - a royal jelly
 P - 2 fruits


   Skills:
 * Level 8.6 Fighting
 - Level 2.0 Long Blades
 * Level 8.7 Armour
 * Level 8.8 Shields


You had 9 spell levels left.
You didn't know any spells.

Dungeon Overview and Level Annotations

Branches:
Dungeon (8/15)             Temple (1/1) D:7
   Lair: D:8-11

Altars:
Ashenzari
Cheibriados
Dithmenos
Elyvilon
Fedhas
Gozag
Hepliaklqana
Makhleb
Okawaru
Qazlal
Ru
Sif Muna
Trog
Uskayaw
Vehumet
Xom
Yredelemnul
Zin
The Shining One

Shops:
D:4 [*%}(

Annotations:
D:8 Erica


Message History

* * * LOW HITPOINT WARNING * * *
Something burns you.
* * * LOW HITPOINT WARNING * * *
Blink to where?
Press: ? - help, Dir - move target cursor You can't see that place. [the floor.]
You can't see that place.
Okay, then.
You feel sick. Something hits you but does no damage.
Blink to where?
Press: ? - help, Dir - move target cursor You are very lightly contaminated with residual magic.
As you read the scroll of blinking, it crumbles to dust.
You feel sick.
As you read the scroll of teleportation, it crumbles to dust.
You feel strangely unstable.
You feel sick.
An orb of energy appears from out of thin air!
The orb of energy hits you!
You die...

#########
##.....@.# #
....####.#####
###.###..#........#
...........##.###.#
#...h†.# #.# #.#
#..####{# #.#
#...hh..# #.#######
.......######
#.......# ....##.#
#.......#


There were no monsters in sight!

Vanquished Creatures
  Maurice (D:8)
  A hippogriff (D:7)
  An ice beast (D:7)
  8 ogres
  3 centaurs
  5 big kobolds
  3 bullfrogs (D:7)
  A wyvern skeleton (D:6)
  A scorpion (D:6)
  A water moccasin skeleton (D:7)
  4 howler monkeys
  6 crimson imps
  A centaur zombie (D:3)
  A hound (D:4)
  2 orc priests
  A jelly (D:5)
  2 orc wizards
  6 iguanas
  5 worker ants
  A hound skeleton (D:8)
  13 adders
  4 gnolls (D:5)
  5 river rats (Sewer)
  3 shadow imps
  3 oozes
  An adder skeleton (D:4)
  2 adder zombies
  A worm (D:4)
  A dart slug (D:4)
  11 leopard geckos
  15 orcs
  10 bats
  19 giant cockroaches
  6 goblins
  10 hobgoblins
  5 jackals
  3 quokkas
  5 ball pythons
  12 frilled lizards
  30 kobolds
  31 rats
244 creatures vanquished.

Notes
Turn   | Place    | Note
-------+----------+-------------------------------------------
     0 | D:1      | Eremar the Human Fighter began the quest for the Orb.
     0 | D:1      | Reached XP level 1. HP: 18/18 MP: 1/1
    68 | D:1      | Reached XP level 2. HP: 15/24 MP: 2/2
   163 | D:1      | Reached XP level 3. HP: 12/29 MP: 3/3
  1060 | D:2      | Found a shadowy altar of Dithmenos.
  1060 | D:2      | Found a faded altar of an unknown god.
  1065 | D:2      | Found a hide-covered altar of Uskayaw.
  1067 | D:2      | Found a faded altar of an unknown god.
  1069 | D:2      | Found an iron altar of Okawaru.
  1073 | D:2      | Became a worshipper of Warmaster Okawaru
  1112 | D:2      | Found a snail-covered altar of Cheibriados.
  1114 | D:2      | Reached XP level 4. HP: 34/35 MP: 4/4
  1200 | D:2      | Found a bloodstained altar of Trog.
  1520 | D:3      | Reached XP level 5. HP: 25/42 MP: 5/5
  1831 | D:3      | Found a glowing drain.
  1850 | Sewer    | Entered a sewer
  1887 | Sewer    | Noticed a big kobold
  1908 | Sewer    | Killed a big kobold
  1908 | Sewer    | Reached XP level 6. HP: 14/48 MP: 6/6
  2612 | Sewer    | Reached * piety under Okawaru
  2612 | Sewer    | Reached skill level 5 in Armour
  2612 | Sewer    | Reached skill level 5 in Shields
  2612 | Sewer    | Reached XP level 7. HP: 45/55 MP: 7/7
  2987 | Sewer    | Reached skill level 5 in Fighting
  3859 | D:4      | Found Axiepnol's Armour Shop.
  4016 | D:4      | Found Xengi's Gadget Boutique.
  4159 | D:4      | Reached XP level 8. HP: 36/63 MP: 8/8
  4193 | D:4      | Found Pyatwo's General Store.
  4223 | D:4      | Found Edwiotru's Food Shop.
  4373 | D:4      | Found Sommyov's Weapon Shoppe.
  4550 | D:5      | Entered Level 5 of the Dungeon
  4567 | D:4      | Reached ** piety under Okawaru
  5477 | D:5      | Reached XP level 9. HP: 23/71 MP: 9/9
  5642 | D:5      | Found a basalt altar of Yredelemnul.
  6586 | D:6      | Found a blossoming altar of Fedhas.
  7458 | D:7      | Reached *** piety under Okawaru
  7907 | D:7      | Noticed a hippogriff
  7930 | D:7      | Killed a hippogriff
  8079 | D:7      | Reached XP level 10. HP: 33/80 MP: 10/10
  8403 | D:7      | Got a pitted scale mail
  8414 | D:7      | Identified the cursed +1 scale mail of Xias {Regen+ MP-9 Int+4 Dex+3} (You found it on level 7 of the Dungeon)
  8528 | D:7      | Found a staircase to the Ecumenical Temple.
  8562 | Temple   | Entered the Ecumenical Temple
  8888 | D:8      | Noticed Maurice
  8893 | D:8      | Paralysed by Maurice for 6 turns
  8902 | D:8      | Killed Maurice
  8902 | D:8      | Reached **** piety under Okawaru
  9047 | D:8      | Noticed Erica
  9089 | D:8      | Killed from afar by Erica

Skill      XL: |  1  2  3  4  5  6  7  8  9 |
---------------+----------------------------+-----
Armour         | 4 5 6 8 |  8.7
Shields        | 4 5 6 8 |  8.8
Fighting       | 4 5 6 8 |  8.6
Long Blades    | |  2.0

Action                   |  1- 3 |  4- 6 |  7- 9 | 10-12 || total
-------------------------+-------+-------+-------+-------++-------
Melee: Long sword        |   102 |   188 |   675 |    58 ||  1023
       Scimitar          |       |       |       |    49 ||    49
  Use: Scroll            |       |       |    15 |     4 ||    19
       Potion            |       |       |       |     1 ||     1
  Eat: Chunk             |       |     5 |     3 |       ||     8
       Beef jerky        |       |     1 |     1 |       ||     2
       Bread ration      |       |       |     1 |       ||     1
       Meat ration       |       |       |     2 |     1 ||     3
       Pizza             |       |       |     1 |       ||     1
Armor: Scale mail        |    46 |   119 |   308 |    51 ||   524
Dodge: Dodged            |    30 |   115 |   158 |     7 ||   310
Block: Shield            |    47 |   148 |   133 |       ||   328
       Large shield      |       |       |   552 |   106 ||   658
       Rpst.: Long sword |     9 |    42 |    56 |     1 ||   108
